 Dungeon Crawl Stone Soup version 0.23.1 (webtiles) character file.

Game seed: 4069595500678584563

9832 Fang the Fighter (level 11, -5/108 HPs)
             Began as a Gargoyle Berserker on Mar 12, 2019.
             Was a High Priest of Trog.
             Killed from afar by a gargoyle (12 damage)
             ... with a stone arrow
             ... on level 11 of the Dungeon.
             The game lasted 00:11:10 (9750 turns).

Fang the Fighter (Gargoyle Berserker)               Turns: 9750, Time: 00:11:11

Health: -5/108     AC: 26    Str: 28    XL:     11   Next: 52%
Magic:  11/11      EV: 11    Int:  9    God:    Trog [*****.]
Gold:   876        SH:  0    Dex:  9    Spells: 10/10 levels left

rFire    + . .     SeeInvis +   h - +4 battleaxe (freeze)
rCold    . . .     Gourm    .   (shield currently unavailable)
rNeg     + . .     Faith    .   j - +4 plate armour
rPois    ∞         Spirit   .   (no helmet)
rElec    +         Reflect  .   (no cloak)
rCorr    .         Harm     .   (no gloves)
MR       .....                  (no boots)
Stlth    ..........             y - amulet of rage
HPRegen  0.28/turn              n - ring of protection from fire
MPRegen  0.12/turn              q - ring of see invisible

@: berserking (expiring), very quick
A: negative energy resistance 1, electricity resistance, unbreathing,
petrification resistance, rot immunity, AC +8
a: Berserk, Trog's Hand, Brothers in Arms, Renounce Religion, Evoke Berserk Rage


You were on level 11 of the Dungeon.
You worshipped Trog.
Trog was extremely pleased with you.
You were hungry.

You visited 2 branches of the dungeon, and saw 12 of its levels.
You also visited: Ossuary.

You collected 876 gold pieces.

Inventory:

Hand Weapons
 b - a +1 battleaxe
 h - a +4 battleaxe of freezing (weapon)
 z - a +2 war axe
Armour
 j - a +4 plate armour (worn)
Jewellery
 a - an uncursed ring of ice
 n - a ring of protection from fire (left hand)
 q - a ring of see invisible (right hand)
 y - an amulet of rage (around neck)
Wands
 k - a wand of clouds (5)
 A - a wand of flame (18)
 C - a wand of random effects (25)
 D - a wand of disintegration (16)
 E - a wand of iceblast (8)
Scrolls
 e - 5 scrolls of identify
 o - 8 scrolls of remove curse
 t - a scroll of fear
 u - a scroll of blinking
 v - 3 scrolls of fog
 x - 3 scrolls of teleportation
Potions
 d - 4 potions of lignification
 f - 2 potions of flight
 g - 3 potions of haste
 i - 6 potions of curing
 l - 2 potions of heal wounds
 m - 2 potions of cancellation
 p - 3 potions of mutation
 r - 3 potions of agility
 s - a potion of invisibility
 w - 2 potions of might
 F - a potion of brilliance {unknown}
Comestibles
 c - 16 rations
 B - 2 chunks of flesh


   Skills:
 + Level 10.3 Fighting
 + Level 8.7 Axes
 + Level 10.0 Armour
 + Level 7.7 Dodging


You had 10 spell levels left.
You didn't know any spells.
Your spell library was empty.

Dungeon Overview and Level Annotations

Branches:
Dungeon (11/15)            Temple (1/1) D:4
   Lair: D:8-11         Orc: D:9-12

Altars:
Ashenzari
Cheibriados
Elyvilon
Fedhas
Gozag
Kikubaaqudgha
Makhleb
Qazlal
Ru
Trog
Wu Jian
Xom
Yredelemnul
Zin
The Shining One

Shops:
D:4 }   D:6 [


Innate Abilities, Weirdness & Mutations

You are resistant to torment.
Your stone body is resilient. (AC +8)
You are immune to poison.
You resist negative energy. (rN+)
You are resistant to electric shocks. (rElec)
You can survive without breathing.
You are immune to petrification.
You are immune to rotting.


Message History

You carefully extract the barbed spikes from your body.
The orc warrior hits you but does no damage.
The gargoyle hurls a stone arrow at you.
The stone arrow hits you!
* * * LOW HITPOINT WARNING * * *
You hit the gargoyle. You freeze the gargoyle.
The gargoyle is severely damaged.
You slash the orc warrior! You freeze the orc warrior.
The orc warrior hits you but does no damage.
The gargoyle barely misses you.
You closely miss the gargoyle.
The gargoyle is severely damaged.
You slice the orc warrior!! You freeze the orc warrior.
You kill the orc warrior!
Trog accepts your kill.
You closely miss the gargoyle.
The gargoyle is severely damaged.
The gargoyle hurls a stone arrow at you.
The stone arrow hits you!
You die...

##### ##.......##
......# ##.....##
.....# ##...## ....#
##'## #...# #.#
#...# #.#######
#...########.##.....
#.9)#.....#...#.####
#.)@(.###......)####
########....)...)...
........##.##.#.#.
.#.####.#####.#...
#......# #.####
######## #.....
######


You could see a gargoyle.

Vanquished Creatures
  An unseen horror (D:11)
  A deep elf mage (D:10)
  Pikel (D:4)
  A manticore (D:11)
  A troll (D:9)
  A meliai (D:11)
  4 hippogriffs
  A hungry ghost (D:8)
  Eustachio (D:6)
  6 yaks (D:11)
  A human (D:10)
  A soldier ant (D:11)
  Edmund (D:4)
  A water moccasin (D:10)
  2 orc warriors
  2 black bears
  2 phantoms
  5 ice beasts
  2 sky beasts
  2 necrophages
  4 ogres
  6 centaurs
  A crocodile (D:9)
  A big kobold (D:11)
  A gnoll sergeant (D:6)
  3 bullfrogs
  3 scorpions
  9 wights
  3 howler monkeys
  5 crimson imps
  A bullfrog zombie (D:10)
  4 hounds
  6 human zombies (D:7)
  2 jellies
  7 orc wizards
  3 centaur skeletons
  An orc priest (D:11)
  4 iguanas
  2 human skeletons (D:7)
  4 worker ants
  2 hound zombies
  8 mummies (Ossuary)
  9 gnolls
  A howler monkey skeleton (D:5)
  2 river rats (D:5)
  8 adders
  A shadow imp (D:11)
  An ooze (D:2)
  An adder zombie (D:6)
  2 adder skeletons
  6 worms
  2 dart slugs
  7 leopard geckos
  25 orcs
  6 bats
  3 giant cockroaches
  14 goblins
  5 hobgoblins
  5 jackals
  12 kobolds
  2 quokkas
  3 ball pythons
  A ball python skeleton (D:4)
  10 frilled lizards
  2 gnoll zombies (Ossuary)
  2 hobgoblin zombies (Ossuary)
  3 kobold zombies (Ossuary)
  An orc skeleton (D:7)
  2 orc zombies
  2 quokka zombies
  7 rats
  A rat zombie (D:8)
263 creatures vanquished.

Vanquished Creatures (collateral kills)
  A hydra (D:11)
  An orc warrior (D:11)
  An orc wizard (D:11)
  An orc (D:11)
4 creatures vanquished.

Vanquished Creatures (others)
  A scorpion (D:4)
1 creature vanquished.

Grand Total: 268 creatures vanquished

Notes
Turn   | Place    | Note
-------+----------+-------------------------------------------
     0 | D:1      | Fang the Gargoyle Berserker began the quest for the Orb.
     0 | D:1      | Reached XP level 1. HP: 14/14 MP: 1/1
    11 | D:1      | Reached XP level 2. HP: 14/19 MP: 2/2
   314 | D:1      | Reached XP level 3. HP: 19/23 MP: 3/3
   488 | D:1      | Reached ** piety under Trog
   843 | D:2      | Reached XP level 4. HP: 27/29 MP: 4/4
  1214 | D:2      | Found an ornate altar of the Wu Jian Council.
  2048 | D:3      | Reached XP level 5. HP: 23/33 MP: 5/5
  2412 | D:3      | Found a bloodstained altar of Trog.
  2412 | D:3      | Found a shattered altar of Ashenzari.
  2412 | D:3      | Found an opulent altar of Gozag.
  2416 | D:3      | Found a glowing golden altar of the Shining One.
  3082 | D:4      | Found Juina's Gadget Shoppe.
  3085 | D:4      | Noticed a slave
  3086 | D:4      | Noticed a slave
  3086 | D:4      | Noticed a slave
  3086 | D:4      | Noticed Pikel
  3088 | D:4      | Noticed a slave
  3112 | D:4      | Killed Pikel
  3112 | D:4      | Reached skill level 5 in Fighting
  3112 | D:4      | Reached XP level 6. HP: 40/40 MP: 6/6
  3112 | D:4      | Reached XP level 7. HP: 44/44 MP: 7/7
  3168 | D:4      | Found a staircase to the Ecumenical Temple.
  3181 | Temple   | Entered the Ecumenical Temple
  3476 | D:4      | Noticed Edmund
  3478 | D:4      | Reached skill level 5 in Armour
  3515 | D:4      | Killed Edmund
  3515 | D:4      | Reached XP level 8. HP: 24/51 MP: 8/8
  3831 | D:4      | Found a stormy altar of Qazlal.
  3905 | D:5      | Entered Level 5 of the Dungeon
  3979 | D:5      | Found a burning altar of Makhleb.
  4069 | D:5      | Reached skill level 5 in Axes
  4951 | D:6      | Reached *** piety under Trog
  5073 | D:6      | Noticed Eustachio
  5087 | D:6      | Reached XP level 9. HP: 48/57 MP: 9/9
  5343 | D:6      | Killed Eustachio
  5343 | D:6      | Reached skill level 5 in Dodging
  5422 | D:6      | Found Mubiv's Armour Shop.
  6025 | D:6      | Found a white marble altar of Elyvilon.
  6025 | D:6      | Found a glowing silver altar of Zin.
  6538 | D:7      | Found an ancient bone altar of Kikubaaqudgha.
  6546 | D:7      | Reached **** piety under Trog
  6546 | D:7      | Reached XP level 10. HP: 62/64 MP: 10/10
  6906 | D:8      | Found a sand-covered staircase.
  6926 | Ossuary  | Entered an ossuary
  8237 | D:9      | Found a shimmering altar of Xom.
  8287 | D:9      | Found a blossoming altar of Fedhas.
  8353 | D:9      | Found a basalt altar of Yredelemnul.
  8370 | D:9      | Reached ***** piety under Trog
  8390 | D:9      | Found a shimmering altar of Xom.
  8658 | D:10     | Entered Level 10 of the Dungeon
  8668 | D:10     | Noticed a deep elf mage
  8678 | D:10     | Killed a deep elf mage
  8812 | D:10     | Reached XP level 11. HP: 69/71 MP: 11/11
  8910 | D:10     | You fall through a shaft!
  9101 | D:11     | Noticed an unseen horror
  9105 | D:11     | Killed an unseen horror
  9152 | D:11     | Reached skill level 10 in Fighting
  9157 | D:11     | Received a gift from Trog
  9607 | D:11     | Noticed an eight-headed hydra
  9622 | D:11     | Killed an eight-headed hydra
  9731 | D:11     | Noticed a manticore
  9746 | D:11     | Killed a manticore
  9746 | D:11     | Reached skill level 10 in Armour
  9750 | D:11     | Killed from afar by a gargoyle

Skill      XL: |  1  2  3  4  5  6  7  8  9 10 11 |
---------------+----------------------------------+-----
Axes           | 3 4 5 6 8 |  8.7
Dodging        | 2 3 4 5 7 |  7.7
Armour         | 3 4 5 6 7 9 10 | 10.0
Fighting       | 4 5 7 8 9 10 | 10.3

Action                   |  1- 3 |  4- 6 |  7- 9 | 10-12 || total
-------------------------+-------+-------+-------+-------++-------
Melee: Hand axe          |    96 |   228 |   541 |       ||   865
       War axe           |       |       |   133 |   146 ||   279
       Battleaxe         |       |       |       |   163 ||   163
Invok: Berserk           |     1 |     2 |     5 |     3 ||    11
       Trog's Hand       |       |       |       |     1 ||     1
       Brothers in Arms  |       |       |       |     2 ||     2
  Use: Scroll            |       |       |    22 |     5 ||    27
       Potion            |       |       |     2 |       ||     2
  Eat: Chunk             |     1 |     8 |    19 |    16 ||    44
Armor: Animal skin       |     9 |       |       |       ||     9
       Plate armour      |    85 |   183 |   638 |   326 ||  1232
Dodge: Dodged            |    57 |    80 |   397 |   206 ||   740
